 Dungeon Crawl Stone Soup version 0.27-a0-512-g57cc695410 (webtiles) character file.

Game seed: 15282628402864741102

95 angrybaker the Shield-Bearer (level 4, 0/35 HPs)
             Began as a Human Fighter on Mar 4, 2021.
             Succumbed to a kobold brigand's poison
             ... on level 3 of the Dungeon.
             The game lasted 00:18:44 (2357 turns).

angrybaker the Shield-Bearer (Human Fighter)        Turns: 2357, Time: 00:18:45

Health: 0/35       AC: 11    Str: 18    XL:     4   Next: 97%
Magic:  4/4        EV:  3    Int:  8    God:
Gold:   107        SH: 10    Dex: 18    Spells: 3/3 levels left

rFire    . . .     SeeInvis .   a - +0 rapier
rCold    . . .     Faith    .   c - +0 kite shield
rNeg     . . .     Spirit   .   m - +0 plate armour
rPois    .         Reflect  .   (no helmet)
rElec    .         Harm     .   (no cloak)
rCorr    .         Rampage  .   (no gloves)
Will     .....                  (no boots)
Stlth    ..........             (no amulet)
HPRegen  0.11/turn              e - +6 ring of dexterity
MPRegen  0.09/turn              (no ring)

@: lethally poisoned (0 -> -7)
A: no striking features
a: no special abilities


You were on level 3 of the Dungeon.
You visited 1 branch of the dungeon, and saw 3 of its levels.

You collected 107 gold pieces.

Inventory:

Hand Weapons
 a - a +0 rapier (weapon)
Armour
 b - a +1 scale mail
 c - a +0 kite shield (worn)
 m - a +0 plate armour (worn)
Jewellery
 e - a +6 ring of dexterity (left hand)
Scrolls
 i - a scroll of fog
Potions
 d - a potion of might
 f - 2 potions of ambrosia {unknown}
 g - a potion of attraction {unknown}
 h - 2 potions of lignification
 j - a potion of curing {unknown}
 k - a potion of haste {unknown}
 l - a potion of brilliance {unknown}


   Skills:
 + Level 3.2 Fighting
 + Level 3.0 Short Blades
 + Level 3.6 Armour
 + Level 0.3 Dodging
 + Level 0.4 Stealth
 + Level 3.8 Shields


You had 3 spell levels left.
You didn't know any spells.
Your spell library was empty.

Dungeon Overview and Level Annotations

Branches:
Dungeon (3/15)

Altars:

Annotations:
D:3 Crimsoncloak's ghost, amateur HOMo


Message History

[a crystal wall.]
Found a dagger.
You open the gate.
The kobold throws a stone.
You block the stone. You block the kobold brigand's attack.
You hit the kobold.
You kill the kobold!
You block Crimsoncloak's ghost's attack.
The kobold brigand hits you with the +8 whip "Muufuc" {venom, rElec Str+4}.
You are poisoned.
You block the kobold's attack.
You hit the kobold.
You kill the kobold!
You feel sick. Crimsoncloak's ghost hits you.
The kobold brigand completely misses you.
You hit the kobold.
The kobold is moderately wounded.
You block Crimsoncloak's ghost's attack.
The kobold brigand barely misses you. The kobold hits you but does no damage.
The kobold drinks a potion.
The kobold suddenly seems more resistant.
Crimsoncloak's ghost hits you!
You feel sick.
The kobold brigand hits you with the +8 whip "Muufuc" {venom, rElec Str+4}.
You are lethally poisoned!
You block Crimsoncloak's ghost's attack.
You see here a +0 whip of venom.
You feel sick. Crimsoncloak's ghost hits you.
* * * LOW HITPOINT WARNING * * *
* * * LOW HITPOINT WARNING * * *
You feel sick.
* * * LOW HITPOINT WARNING * * *
You feel sick. You block the kobold's attack.
* * * LOW HITPOINT WARNING * * *
You feel sick.
* * * LOW HITPOINT WARNING * * *
You feel sick.
The kobold throws a stone.
You block the stone.
* * * LOW HITPOINT WARNING * * *
You feel sick.
You die...

####..<...##.# #.#.#
#.........##.# #.#.#
#......#####.# #.#.# #......# #.#
####.#.# # ###....# ###.#
#....#.# # #.#### #...# #.###...
#####.# #.### ###.# #... ).....#
#.####### #...# #... #######
#.†..@..# #.#####... ).....#
#...#####.# #.# #.....
#####.####.#####..K# #.###.#...
#####....###.8.##.K# #.........
##....##.##.....#K.# #........#
##.##.##.#..###WK).# #.......)#
##.##....#).....'..#####.........
##...#####..###.').....#########.
###.######.....#..###.# #.


There were no monsters in sight!

Vanquished Creatures
  4 adders
  An ooze (D:3)
  A dart slug (D:3)
  A leopard gecko (D:1)
  4 orcs (D:3)
  5 bats
  A giant cockroach (D:2)
  3 hobgoblins
  3 quokkas (D:3)
  4 frilled lizards
  9 goblins
  9 kobolds
  3 rats
48 creatures vanquished.

Vanquished Creatures (others)
  2 fungi (D:3)
  2 plants (D:3)
4 creatures vanquished.

Grand Total: 52 creatures vanquished

Notes
Turn   | Place    | Note
-------+----------+-------------------------------------------
     0 | D:1      | angrybaker the Human Fighter began the quest for the Orb.
     0 | D:1      | Reached XP level 1. HP: 18/18 MP: 1/1
   250 | D:1      | Reached XP level 2. HP: 22/24 MP: 2/2
  1013 | D:2      | Reached XP level 3. HP: 29/29 MP: 3/3
  1372 | D:3      | Reached XP level 4. HP: 20/35 MP: 4/4
  2313 | D:3      | Found a runed translucent gate.
  2313 | D:3      | Found a runed translucent gate.
  2313 | D:3      | Found a runed translucent gate.
  2313 | D:3      | Noticed Crimsoncloak's ghost (amateur HOMo)
  2335 | D:3      | Identified the +8 whip "Muufuc" {venom, rElec Str+4}
  2335 | D:3      | Noticed a kobold brigand
  2356 | D:3      | HP: 1/35 [poisoned by a kobold brigand]
  2357 | D:3      | Succumbed to a kobold brigand's poison

Illustrated notes

Levels and vault maps discovered:
D:1:      lightli_arrival_statuegarden, layout_basic, serial_forest,
          infiniplex_forest_zigzag_1, infiniplex_forest_clump_double,
          infiniplex_forest_pool, infiniplex_forest_lined_3,
          infiniplex_forest_end_3, infiniplex_forest_lined_room_,
          infiniplex_forest_straight_1, infiniplex_forest_straight_2,
          infiniplex_forest_clump_diagonal, infiniplex_forest_clump_diagonal,
          minmay_pentomino_x2
D:2:      layout_loops_ring
D:3:      layout_basic, marbit_many_paths, gammafunk_ghost_nasty_kobolds

Skill      XL: |  1  2  3  4 |
---------------+-------------+-----
Short Blades   | 3 |  3.0
Fighting       | |  3.2
Armour         | |  3.6
Dodging        | |  0.3
Stealth        | |  0.4
Shields        | |  3.8

Action                   |  1- 3 |  4- 6 || total
-------------------------+-------+-------++-------
Melee: Rapier            |   102 |    97 ||   199
  Use: Scroll            |     4 |     1 ||     5
Armor: Scale mail        |    54 |    39 ||    93
       Plate armour      |       |     1 ||     1
Dodge: Dodged            |    32 |    32 ||    64
Block: Kite shield       |    67 |    62 ||   129

Table legend: (Time is in decaauts)
 A = Elapsed time spent in this place.
 B = Non-inter-level travel time spent in this place.
 C = Inter-level travel time spent in this place.
 D = Time resting spent in this place.
 E = Time spent auto-exploring this place.
 F = Levels seen in this place.
 G = Mean time per level.
                   A        B        C        D        E       F      G
               +--------+--------+--------+--------+--------+-----+--------+
         Total |   2418 |   2406 |     12 |      0 |      0 |   3 |  806.0 |
       Dungeon |   2418 |   2406 |     12 |      0 |      0 |   3 |  806.0 |
               +--------+--------+--------+--------+--------+-----+--------+

Top non-repeatable levels by time:
     D:3: 1033 daAuts
     D:2: 693 daAuts
     D:1: 691 daAuts
